AoeStats
← Bronco

Arena

510135312Analyzed
3v3 RM · 3d ago on Sep 29, 2026· 47m 53s· 6 players
Game mode
Random Map
Map size
Normal (6 player)
Population
200
Speed
Normal
Resources
Standard
Victory
Conquest
Starting age
Dark Age
Ending age
Imperial Age
RankedLock teamsTeams togetherTeam positionsShared explorationLock speedFull tech treeHidden civsTurbo modeCheats
Victory
Defeat
🇩🇪 Saxons · Germany
1273
+15
🇩🇪 Spanish · Germany
1265
+15
🇩🇪 Franks · Germany
1245
+16
🇪🇸 Mongols · Spain
1265
-16
🇵🇪 Bulgarians · Peru
1240
-15
🇧🇷 Italians · Brazil
1227
-15
Thiers1789
10:53 Feudal Age
15:09 Castle Age
15:57 Loom
15:58 Double-Bit Axe
26:17 Horse Collar
33:27 Imperial Age
31:48 Wheelbarrow
31:02 Town Watch
31:54 Heavy Plow
32:05 Bow Saw
31:46 Gold Mining
32:30 Fletching
32:41 Padded Archer Armor
32:47 Stone Mining
34:25 Stone Shaft Mining
33:46 Bodkin Arrow
34:59 Crop Rotation
35:30 Two-Man Saw
38:28 Bracer
38:44 Leather Archer Armor
38:35 Thumb Ring
39:07 Hand Cart
39:20 Conscription
40:08 Ballistics
40:49 Chemistry
41:36 Leather Archer Armor
41:32 Forging
41:22 Scale Mail Armor
43:06 Squires
46:29 Husbandry
48:04 Bloodlines
47:14 Light Cavalry
Leopard
10:30 Feudal Age
14:36 Castle Age
13:11 Double-Bit Axe
13:27 Horse Collar
17:25 Loom
20:23 Fletching
21:43 Bodkin Arrow
24:08 Wheelbarrow
24:11 Heavy Plow
24:12 Gold Mining
27:16 Ballistics
27:00 Padded Archer Armor
28:25 Hand Cart
30:54 Imperial Age
29:19 Leather Archer Armor
29:18 Bloodlines
29:08 Husbandry
29:38 Town Watch
30:30 Gold Shaft Mining
29:47 Stone Mining
31:16 Elite Mangudai
32:00 Bracer
32:54 Capped Ram
34:39 Chemistry
33:46 Thumb Ring
34:33 Conscription
34:22 Light Cavalry
35:08 Scale Barding Armor
35:28 Murder Holes
35:44 Masonry
36:27 Drill
37:35 Hoardings
36:46 Hussar
37:47 Chain Barding Armor
37:38 Forging
39:37 Parthian Tactics
40:03 Stone Shaft Mining
39:48 Siege Ram
40:35 Siege Engineers
41:30 Iron Casting
42:03 Nomads
43:08 Blast Furnace
43:35 Fortified Wall
46:43 Coinage
Execute290
8:24 Loom
10:38 Feudal Age
14:41 Castle Age
16:42 Loom
17:37 Double-Bit Axe
18:43 Light Cavalry
20:45 Scale Barding Armor
20:57 Bloodlines
23:50 Bow Saw
25:42 Husbandry
29:28 Chain Barding Armor
36:12 Forging
44:33 Horse Collar
45:30 Wheelbarrow
45:36 Iron Casting
50:07 Imperial Age
47:31 Gold Mining
commanderlionheart
10:23 Feudal Age
11:09 Double-Bit Axe
14:18 Castle Age
12:45 Horse Collar
13:30 Loom
15:26 Bow Saw
17:10 Fletching
24:04 Bodkin Arrow
29:42 Wheelbarrow
30:17 Town Watch
30:41 Scale Mail Armor
30:51 Forging
31:04 Heavy Plow
31:29 Gold Mining
32:21 Chain Mail Armor
34:09 Iron Casting
36:11 Imperial Age
35:05 Hand Cart
35:40 Squires
35:28 Arson
36:15 Capped Ram
37:31 Plate Mail Armor
37:24 Conscription
37:24 Elite Hearth Troop
38:54 Gold Shaft Mining
38:14 Siege Ram
40:15 Siege Ram
41:48 Shield Wall
42:30 Bracer
43:13 Fortified Wall
43:50 Conscription
46:19 Two-Man Saw
45:07 Sappers
46:05 Town Patrol
47:24 Stone Mining
SebTheKing
10:23 Feudal Age
14:11 Castle Age
12:07 Horse Collar
13:42 Loom
13:46 Double-Bit Axe
19:06 Bow Saw
19:59 Heavy Plow
21:35 Fletching
23:01 Bodkin Arrow
25:37 Padded Archer Armor
31:07 Wheelbarrow
32:22 Wheelbarrow
39:53 Town Watch
40:39 Hand Cart
41:27 Scale Barding Armor
42:04 Padded Archer Armor
43:14 Leather Archer Armor
45:04 Ballistics
44:09 Elite Skirmisher
45:49 Chain Barding Armor
45:41 Forging
47:57 Thumb Ring
Bronco
10:20 Feudal Age
13:56 Castle Age
12:06 Double-Bit Axe
14:46 Loom
16:20 Bow Saw
18:57 Town Watch
21:57 Fletching
22:20 Scale Barding Armor
23:34 Gold Mining
24:46 Chain Barding Armor
25:16 Forging
25:23 Husbandry
26:24 Wheelbarrow
36:52 Imperial Age
34:46 Hand Cart
34:56 Stone Mining
36:11 Iron Casting
36:50 Gold Shaft Mining
38:39 Chemistry
37:52 Masonry
38:19 Plate Barding Armor
38:51 Blast Furnace
37:21 Cavalier
39:12 Bodkin Arrow
39:48 Light Cavalry
41:19 Conscription
44:44 Paladin
Connection lost

Rejoining the realm…

Still unreachable

The connection could not be restored.

Session expired

The server has moved on; the page needs a fresh start.